PHILADELPHIA Flyers vs TAMPA BAY Lightning

Created - 3 avril 2024 at 14:29

Goals
1 2 3 T
PHILADELPHIA Flyers 0 0 4 4
TAMPA BAY Lightning 1 1 0 2
Shots
1 2 3 T
PHILADELPHIA Flyers 8 13 25 46
TAMPA BAY Lightning 7 7 3 17

1st period

1. TAMPA BAY Lightning , Dylan DeMelo 12 (Erik Gudbranson 38, Mikael Backlund 32) at 13:12 (PP)

Penalties :
Alexander Edler (PHI) for Interference (Minor) at 7:40, Brenden Dillon (PHI) for Diving (Minor) at 11:37, Josh Leivo (PHI) for Cross-checking (Minor) at 17:58

2nd period

2. TAMPA BAY Lightning , Mikael Backlund 30 (Eeli Tolvanen 19) at 5:38

Penalties :
Scott Laughton (TBL) for Interference (Minor) at 2:52, Scott Laughton (TBL) for Slashing (Minor) at 7:00, Filip Chytil (PHI) for High sticking (Minor) at 13:42, Mason Marchment (TBL) for Interference (Minor) at 19:18

3rd period

3. PHILADELPHIA Flyers , Alexander Edler 9 (Shea Weber 26, Leon Draisaitl 54) at 0:22 (PP)
4. PHILADELPHIA Flyers , Leon Draisaitl 47 (Joel Edmundson 19) at 10:13
5. PHILADELPHIA Flyers , Leon Draisaitl 48 (Claude Giroux 58, Trevor Zegras 35) at 10:35
6. PHILADELPHIA Flyers , Chris Tierney 2 (Josh Leivo 6, Joel Edmundson 20) at 16:45

Penalties :
Nick Ritchie (TBL) for Tripping (Minor) at 3:56, Alexander Edler (PHI) for Hooking (Minor) at 6:19, Chad Ruhwedel (TBL) for Tripping (Minor) at 19:27

Goalie Stats

Anton Forsberg (PHI), 15 saves from 17 shots - (0,882), W, 29-28-6, 60:00 minutes
Robin Lehner (TBL), 42 saves from 46 shots - (0,913), L, 5-6-2, 60:00 minutes

Players Stats for PHILADELPHIA Flyers

Player Name              G  A  P  +/- PIM S  H  SB GA TA FO     MP     PP MP  PK MP  
------------------------------------------------------------------------------------
Alexander Edler          1  0  1  -1  4   1  4  1  0  0  0/0    19:15   3:43   0:00 
Brenden Dillon           0  0  0   0  2   1  4  1  0  0  0/0    22:17   3:50   3:37 
Chris Tierney            1  0  1   1  0   3  1  0  0  0  4/8     7:18   0:00   0:00 
Claude Giroux            0  1  1   1  0   9  0  0  0  0  1/1    24:23   4:25   6:58 
Filip Chytil             0  0  0   0  2   5  2  0  0  0  7/11   16:19   4:25   0:00 
Jakub Voracek            0  0  0   1  0   0  1  0  0  0  0/0     7:18   0:00   0:00 
Joel Edmundson           0  2  2   3  0   0  2  1  0  0  0/0    15:47   0:00   3:16 
Jonathan Drouin          0  0  0   0  0   2  2  0  0  0  7/13   10:43   0:00   0:00 
Josh Leivo               0  1  1   1  2   0  1  0  0  0  0/0     7:17   0:00   0:00 
Justin Schultz           0  0  0  -1  0   1  2  0  0  0  0/0    21:07   3:58   3:04 
Leon Draisaitl           2  1  3   1  0   12 2  1  0  0  6/12   24:23   4:25   6:58 
Mike Hoffman             0  0  0   0  0   0  3  0  0  0  0/1    13:51   3:08   0:00 
Noah Juulsen             0  0  0   3  0   0  1  3  0  0  0/0    17:03   0:00   4:32 
Sam Gagner               0  0  0   0  0   1  0  0  0  0  0/0    10:51   0:08   0:00 
Sean Couturier           0  0  0   0  0   2  0  0  0  0  8/16   17:36   3:08   2:33 
Sean Monahan             0  0  0   0  0   1  2  0  0  0  0/0    11:55   0:00   0:00 
Shea Weber               0  1  1   0  0   3  1  0  0  0  0/0    24:28   3:35   4:33 
Trevor Zegras            0  1  1   1  0   5  3  0  0  0  14/28  18:33   3:00   2:33 

Players Stats for TAMPA BAY Lightning

Player Name              G  A  P  +/- PIM S  H  SB GA TA FO     MP     PP MP  PK MP  
------------------------------------------------------------------------------------
Anders Lee               0  0  0   0  0   0  2  1  0  0  1/1    26:04   4:49   4:45 
Chad Ruhwedel            0  0  0   1  2   0  3  0  0  0  0/0    17:00   0:00   2:56 
Christian Fischer        0  0  0   0  0   0  0  0  0  0  0/2     7:39   0:00   1:43 
Dylan DeMelo             1  0  1  -1  0   3  1  5  0  0  0/0    26:30   4:58   4:13 
Eeli Tolvanen            0  1  1   0  0   2  1  0  0  0  3/4    21:19   4:49   0:00 
Erik Gudbranson          0  1  1   1  0   0  5  2  0  0  0/0    23:06   4:58   4:03 
Evgeny Svechnikov        0  0  0  -1  0   0  0  0  0  0  1/1    12:45   0:00   0:00 
Josh Mahura              0  0  0  -2  0   0  1  0  0  0  0/0    17:20   4:33   1:15 
Mason Marchment          0  0  0  -1  2   2  1  0  0  0  0/0    17:26   4:42   0:00 
Michael McCarron         0  0  0   0  0   0  0  0  0  0  4/8     5:56   0:00   0:00 
Mikael Backlund          1  1  2   0  0   2  2  0  0  0  18/36  26:07   4:49   4:48 
Nick Ritchie             0  0  0  -1  2   0  1  0  0  0  0/1     7:44   0:00   0:00 
Nicolas Deslauriers      0  0  0   0  0   0  0  0  0  0  0/0     5:56   0:00   0:00 
Robert Hagg              0  0  0  -2  0   0  4  2  0  0  0/0    11:32   0:00   0:00 
Sammy Blais              0  0  0  -1  0   0  1  0  0  0  0/1     7:45   0:00   0:00 
Scott Laughton           0  0  0  -1  4   4  4  0  0  0  7/20   18:30   4:42   1:05 
Timothy Liljegren        0  0  0  -1  0   3  1  1  0  0  0/0    24:31   4:33   2:39 
Tyson Jost               0  0  0  -1  0   1  0  0  0  0  9/16   15:12   4:42   2:45 

3 Stars

1 - Leon Draisaitl (PHI)
2 - Joel Edmundson (PHI)
3 - Chris Tierney (PHI)

Power Play

PHILADELPHIA Flyers - 1 on 5 Attempt(s) - 20,00%
TAMPA BAY Lightning - 1 on 5 Attempt(s) - 20,00%

Penalty Kill

PHILADELPHIA Flyers - 4 on 5 Attempt(s) - 80,00% - Score 0 goal in Penalty Kill
TAMPA BAY Lightning - 4 on 5 Attempt(s) - 80,00% - Score 0 goal in Penalty Kill

Team Stat

PHILADELPHIA Flyers - Hits : 31 - Faceoff Wins : 47 - Blocked Shots : 7 - Penalty Minutes : 10
TAMPA BAY Lightning - Hits : 27 - Faceoff Wins : 43 - Blocked Shots : 11 - Penalty Minutes : 10

Official

Referees : Jon McIsaac and T.J. Luxmore
Linesman : Alexandra Clarke and Derek Amell

Game Notes

No Game Note

Finance

Level 1 -- Attendance: 5294 (75,63%) -- Ticket Income $529,400
Level 2 -- Attendance: 3991 (71,27%) -- Ticket Income $239,460
Level 3 -- Attendance: 2033 (100,00%) -- Ticket Income $71,155
Level 4 -- Attendance: 3976 (99,38%) -- Ticket Income $79,520
Luxury Box -- Attendance: 830 (82,10%) -- Ticket Income $166,000
Game was played at the Amalie Arena.
Total Attendance: 16124 (82,08%)
Total Ticket Income: $1,085,535
Other Income: $271,384
Total Income: $1,356,919

PHILADELPHIA Flyers

5 vs 5 Forward 
   Center                   Left Wing                Right Wing               Time % Phy DF OF 
 1 Trevor Zegras            Leon Draisaitl           Claude Giroux            50     1   2  2  
 2 Sean Couturier           Filip Chytil             Sean Monahan             25     1   2  2  
 3 Jonathan Drouin          Mike Hoffman             Sam Gagner               15     1   2  2  
 4 Chris Tierney            Jakub Voracek            Josh Leivo               10     1   2  2  

5 vs 5 Defense 
   Defense                  Defense                                           Time % Phy DF OF 
 1 Brenden Dillon           Shea Weber                                        40     1   2  2  
 2 Alexander Edler          Justin Schultz                                    30     1   2  2  
 3 Joel Edmundson           Noah Juulsen                                      20     1   2  2  
 4 Alexander Edler          Shea Weber                                        10     1   2  2  

PowerPlay Forward 
   Center                   Left Wing                Right Wing               Time % Phy DF OF 
 1 Filip Chytil             Leon Draisaitl           Claude Giroux            60     1   2  2  
 2 Trevor Zegras            Mike Hoffman             Sean Couturier           40     1   2  2  

PowerPlay Defense
   Defense                  Defense                                           Time % Phy DF OF 
 1 Alexander Edler          Shea Weber                                        60     1   2  2  
 2 Brenden Dillon           Justin Schultz                                    40     1   2  2  

Penalty Kill 4 Players Forward 
   Center                   Wing                     Time % Phy DF OF 
 1 Leon Draisaitl           Claude Giroux            60     1   2  2  
 2 Sean Couturier           Trevor Zegras            40     1   2  2  

Penalty Kill 4 Players Defense
   Defense                  Defense                  Time % Phy DF OF 
 1 Noah Juulsen             Brenden Dillon           60     1   2  2  
 2 Shea Weber               Joel Edmundson           40     1   2  2  

Penalty Kill - 3 Players Forward 
   Forward                                           Time % Phy DF OF 
 1 Leon Draisaitl                                    60     1   2  2  
 2 Claude Giroux                                     40     1   2  2  

Penalty Kill - 3 Players Defense
   Defense                  Defense                  Time % Phy DF OF 
 1 Shea Weber               Brenden Dillon           60     1   2  2  
 2 Justin Schultz           Joel Edmundson           40     1   2  2  

4 vs 4 Forward 
   Center                   Wing                     Time % Phy DF OF 
 1 Leon Draisaitl           Claude Giroux            60     1   2  2  
 2 Sean Monahan             Trevor Zegras            40     1   2  2  

4 vs 4 Defense
   Defense                  Defense                  Time % Phy DF OF 
 1 Justin Schultz           Brenden Dillon           60     1   2  2  
 2 Shea Weber               Joel Edmundson           40     1   2  2  

Last Minutes Offensive
   Center                   Left Wing                Right Wing               Defense                  Defense                  
   Claude Giroux            Leon Draisaitl           Trevor Zegras            Shea Weber               Brenden Dillon           

Last Minutes Defensive
   Center                   Left Wing                Right Wing               Defense                  Defense                  
   Sean Monahan             Jonathan Drouin          Claude Giroux            Alexander Edler          Justin Schultz           

Goaltenders
Starting : Anton Forsberg           
Backup : Yaroslav Askarov         

Extra Forwards
Normal : Sam Gagner, Claude Giroux, Jonathan Drouin - PP : Sam Gagner, Claude Giroux - PK : Jonathan Drouin
Extra Defensemen
Normal : Justin Schultz, Alexander Edler, Shea Weber - PP : Alexander Edler - PK : Shea Weber, Noah Juulsen
Penalty Shots
Leon Draisaitl, Claude Giroux, Jonathan Drouin, Trevor Zegras, Mike Hoffman

Scratches
None

TAMPA BAY Lightning

5 vs 5 Forward 
   Center                   Left Wing                Right Wing               Time % Phy DF OF 
 1 Mikael Backlund          Anders Lee               Eeli Tolvanen            40     1   2  2  
 2 Scott Laughton           Mason Marchment          Evgeny Svechnikov        30     1   2  2  
 3 Tyson Jost               Nick Ritchie             Sammy Blais              20     1   2  2  
 4 Michael McCarron         Nicolas Deslauriers      Christian Fischer        10     3   1  1  

5 vs 5 Defense 
   Defense                  Defense                                           Time % Phy DF OF 
 1 Dylan DeMelo             Timothy Liljegren                                 40     1   2  2  
 2 Erik Gudbranson          Chad Ruhwedel                                     30     1   2  2  
 3 Josh Mahura              Robert Hagg                                       20     1   2  2  
 4 Dylan DeMelo             Timothy Liljegren                                 10     1   2  2  

PowerPlay Forward 
   Center                   Left Wing                Right Wing               Time % Phy DF OF 
 1 Mikael Backlund          Anders Lee               Eeli Tolvanen            60     1   2  2  
 2 Tyson Jost               Scott Laughton           Mason Marchment          40     1   2  2  

PowerPlay Defense
   Defense                  Defense                                           Time % Phy DF OF 
 1 Dylan DeMelo             Erik Gudbranson                                   60     1   2  2  
 2 Timothy Liljegren        Josh Mahura                                       40     1   2  2  

Penalty Kill 4 Players Forward 
   Center                   Wing                     Time % Phy DF OF 
 1 Mikael Backlund          Anders Lee               60     1   2  2  
 2 Scott Laughton           Tyson Jost               40     1   2  2  

Penalty Kill 4 Players Defense
   Defense                  Defense                  Time % Phy DF OF 
 1 Dylan DeMelo             Erik Gudbranson          60     1   2  2  
 2 Timothy Liljegren        Chad Ruhwedel            40     1   2  2  

Penalty Kill - 3 Players Forward 
   Forward                                           Time % Phy DF OF 
 1 Mikael Backlund                                   60     1   2  2  
 2 Scott Laughton                                    40     1   2  2  

Penalty Kill - 3 Players Defense
   Defense                  Defense                  Time % Phy DF OF 
 1 Dylan DeMelo             Erik Gudbranson          60     1   2  2  
 2 Timothy Liljegren        Chad Ruhwedel            40     1   2  2  

4 vs 4 Forward 
   Center                   Wing                     Time % Phy DF OF 
 1 Mikael Backlund          Eeli Tolvanen            60     1   2  2  
 2 Anders Lee               Mason Marchment          40     1   2  2  

4 vs 4 Defense
   Defense                  Defense                  Time % Phy DF OF 
 1 Dylan DeMelo             Erik Gudbranson          60     1   2  2  
 2 Timothy Liljegren        Chad Ruhwedel            40     1   2  2  

Last Minutes Offensive
   Center                   Left Wing                Right Wing               Defense                  Defense                  
   Mikael Backlund          Anders Lee               Eeli Tolvanen            Dylan DeMelo             Timothy Liljegren        

Last Minutes Defensive
   Center                   Left Wing                Right Wing               Defense                  Defense                  
   Mikael Backlund          Scott Laughton           Christian Fischer        Dylan DeMelo             Erik Gudbranson          

Goaltenders
Starting : Robin Lehner             
Backup : Karel Vejmelka           

Extra Forwards
Normal : Christian Fischer, Mikael Backlund, Nick Ritchie - PP : Christian Fischer, Mikael Backlund - PK : Christian Fischer
Extra Defensemen
Normal : Chad Ruhwedel, Josh Mahura, Robert Hagg - PP : Chad Ruhwedel - PK : Chad Ruhwedel, Josh Mahura
Penalty Shots
Mikael Backlund, Anders Lee, Scott Laughton, Eeli Tolvanen, Mason Marchment

Scratches
Brock McGinn (Healthy), Philippe Myers (Healthy), Calvin Petersen (Healthy)

% Time on Ice - PHILADELPHIA Flyers

Lines # - Real PCT - Wanted PCT - Time Play
Normal Forward
1 - 30% - 50% - 13:00
2 - 28% - 25% - 11:55
3 - 25% - 15% - 10:43
4 - 17% - 10% - 7:18
Normal Defense
1 - 35% - 40% - 14:51
2 - 33% - 30% - 14:05
3 - 29% - 20% - 12:31
4 - 3% - 10% - 1:29
PP Forward
1 - 58% - 60% - 4:25
2 - 42% - 40% - 3:08
PP Defense
1 - 49% - 60% - 3:43
2 - 51% - 40% - 3:50
PK Forward
1 - 73% - 60% - 6:58
2 - 27% - 40% - 2:33
PK Defense
1 - 52% - 60% - 4:58
2 - 48% - 40% - 4:33
PK3 Forward
1 - 0% - 60%
2 - 0% - 40%
PK3 Defense
1 - 0% - 60%
2 - 0% - 40%
44 Forward
1 - 0% - 60%
2 - 0% - 40%
44 Defense
1 - 0% - 60%
2 - 0% - 40%
Last Minute Offensive  - 0:00
Last Minute Defensive  - 0:00
Total
Forward - 60:00
Defense - 60:00

% Time on Ice - TAMPA BAY Lightning

Lines # - Real PCT - Wanted PCT - Time Play
Normal Forward
1 - 38% - 40% - 16:30
2 - 30% - 30% - 12:45
3 - 18% - 20% - 7:45
4 - 14% - 10% - 5:56
Normal Defense
1 - 39% - 40% - 16:38
2 - 33% - 30% - 14:05
3 - 27% - 20% - 11:32
4 - 2% - 10% - 0:41
PP Forward
1 - 51% - 60% - 4:49
2 - 49% - 40% - 4:42
PP Defense
1 - 52% - 60% - 4:58
2 - 48% - 40% - 4:33
PK Forward
1 - 64% - 60% - 4:48
2 - 36% - 40% - 2:45
PK Defense
1 - 63% - 60% - 4:44
2 - 37% - 40% - 2:49
PK3 Forward
1 - 0% - 60%
2 - 0% - 40%
PK3 Defense
1 - 0% - 60%
2 - 0% - 40%
44 Forward
1 - 0% - 60%
2 - 0% - 40%
44 Defense
1 - 0% - 60%
2 - 0% - 40%
Last Minute Offensive  - 0:00
Last Minute Defensive  - 0:00
Total
Forward - 60:00
Defense - 60:00

Play-by-Play

1st period


0:01 of 1st period - Trevor Zegras wins face-off versus Mikael Backlund in neutral zone.
0:17 of 1st period - Anders Lee is hit by Brenden Dillon.
0:36 of 1st period - Shot by Claude Giroux.
0:36 of 1st period - Stopped by Robin Lehner without a rebound.
0:37 of 1st period - Scott Laughton wins face-off versus Sean Couturier in TAMPA BAY Lightning zone.
0:56 of 1st period - Shot by Filip Chytil.
0:56 of 1st period - Stopped by Robin Lehner without a rebound.
0:57 of 1st period - Jonathan Drouin wins face-off versus Tyson Jost in TAMPA BAY Lightning zone.
1:04 of 1st period - Shot by Jonathan Drouin.
1:04 of 1st period - Stopped by Robin Lehner without a rebound.
1:05 of 1st period - Chris Tierney wins face-off versus Michael McCarron in TAMPA BAY Lightning zone.
1:22 of 1st period - Shot by Nicolas Deslauriers.
1:22 of 1st period - Shot Blocked by Alexander Edler.
1:24 of 1st period - Shot by Dylan DeMelo.
1:24 of 1st period - Stopped by Anton Forsberg without a rebound.
1:25 of 1st period - Tyson Jost wins face-off versus Trevor Zegras in PHILADELPHIA Flyers zone.
1:31 of 1st period - Sammy Blais is hit by Joel Edmundson and loses puck.
1:37 of 1st period - Off-side.
1:38 of 1st period - Jonathan Drouin wins face-off versus Scott Laughton in neutral zone.
1:55 of 1st period - Shot by Chad Ruhwedel.
1:55 of 1st period - Deflect By Mason Marchment.
1:55 of 1st period - Shot Misses the Net.
2:15 of 1st period - Shot by Mike Hoffman.
2:15 of 1st period - Deflect By Sam Gagner.
2:15 of 1st period - Shot Misses the Net.
3:18 of 1st period - Off-side.
3:19 of 1st period - Tyson Jost wins face-off versus Trevor Zegras in neutral zone.
3:21 of 1st period - Off-side.
3:22 of 1st period - Trevor Zegras wins face-off versus Tyson Jost in neutral zone.
3:31 of 1st period - Shot by Claude Giroux.
3:31 of 1st period - Deflect By Leon Draisaitl.
3:31 of 1st period - Stopped by Robin Lehner with a rebound.
3:33 of 1st period - Shot by Trevor Zegras.
3:33 of 1st period - Stopped by Robin Lehner without a rebound.
3:34 of 1st period - Sean Couturier wins face-off versus Michael McCarron in TAMPA BAY Lightning zone.
3:34 of 1st period - Sean Couturier is hit by Erik Gudbranson.
4:05 of 1st period - Nicolas Deslauriers is hit by Filip Chytil and loses puck.
4:35 of 1st period - Icing by Shea Weber.
4:36 of 1st period - Mikael Backlund wins face-off versus Trevor Zegras in PHILADELPHIA Flyers zone.
4:38 of 1st period - Eeli Tolvanen is hit by Brenden Dillon and loses puck.
4:59 of 1st period - Shot by Anders Lee.
4:59 of 1st period - Shot Blocked by Leon Draisaitl.
5:48 of 1st period - Shot by Chris Tierney.
5:48 of 1st period - Stopped by Robin Lehner without a rebound.
5:49 of 1st period - Scott Laughton wins face-off versus Sean Couturier in TAMPA BAY Lightning zone.
6:07 of 1st period - Filip Chytil is hit by Robert Hagg and loses puck.
6:37 of 1st period - Icing by Robert Hagg.
6:38 of 1st period - Scott Laughton wins face-off versus Trevor Zegras in TAMPA BAY Lightning zone.
7:19 of 1st period - Shot by Leon Draisaitl.
7:19 of 1st period - Stopped by Robin Lehner without a rebound.
7:20 of 1st period - Chris Tierney wins face-off versus Michael McCarron in TAMPA BAY Lightning zone.
7:32 of 1st period - Timothy Liljegren is hit by Alexander Edler and loses puck.
7:37 of 1st period - Shot by Timothy Liljegren.
7:37 of 1st period - Shot Misses the Net.
7:40 of 1st period - Minor Penalty to Alexander Edler for Interference.
7:41 of 1st period - Mikael Backlund wins face-off versus Leon Draisaitl in PHILADELPHIA Flyers zone.
7:55 of 1st period - Icing by Eeli Tolvanen.
7:56 of 1st period - Leon Draisaitl wins face-off versus Mikael Backlund in TAMPA BAY Lightning zone.
8:09 of 1st period - Joel Edmundson is hit by Mikael Backlund and loses puck.
8:20 of 1st period - Shot by Anders Lee.
8:20 of 1st period - Shot Misses the Net.
8:22 of 1st period - Shot by Dylan DeMelo.
8:22 of 1st period - Shot Misses the Net.
8:24 of 1st period - Shot by Anders Lee.
8:24 of 1st period - Deflect By Eeli Tolvanen.
8:24 of 1st period - Shot Misses the Net.
8:40 of 1st period - Mikael Backlund is hit by Brenden Dillon and loses puck.
9:09 of 1st period - Shot by Mason Marchment.
9:09 of 1st period - Shot Blocked by Noah Juulsen.
9:48 of 1st period - Off-side.
9:49 of 1st period - Michael McCarron wins face-off versus Jonathan Drouin in neutral zone.
10:04 of 1st period - Icing by Justin Schultz.
10:05 of 1st period - Mikael Backlund wins face-off versus Jonathan Drouin in PHILADELPHIA Flyers zone.
10:30 of 1st period - Shot by Justin Schultz.
10:30 of 1st period - Shot Misses the Net.
11:17 of 1st period - Dylan DeMelo is hit by Sean Monahan and loses puck.
11:37 of 1st period - Minor Penalty to Brenden Dillon for Diving.
11:38 of 1st period - Eeli Tolvanen wins face-off versus Leon Draisaitl in PHILADELPHIA Flyers zone.
11:56 of 1st period - Anders Lee is hit by Justin Schultz and loses puck.
12:13 of 1st period - Leon Draisaitl is hit by Mikael Backlund.
12:29 of 1st period - Shot by Timothy Liljegren.
12:29 of 1st period - Stopped by Anton Forsberg without a rebound.
12:30 of 1st period - Tyson Jost wins face-off versus Leon Draisaitl in PHILADELPHIA Flyers zone.
13:12 of 1st period - Shot by Dylan DeMelo.
13:12 of 1st period - Goal by Dylan DeMelo - PHILADELPHIA Flyers : 0 - TAMPA BAY Lightning : 1.
13:13 of 1st period - Sean Couturier wins face-off versus Michael McCarron in neutral zone.
13:22 of 1st period - Shot by Filip Chytil.
13:22 of 1st period - Stopped by Robin Lehner without a rebound.
13:23 of 1st period - Tyson Jost wins face-off versus Chris Tierney in TAMPA BAY Lightning zone.
13:23 of 1st period - Tyson Jost is hit by Jakub Voracek.
15:08 of 1st period - Leon Draisaitl is hit by Eeli Tolvanen and loses puck.
15:33 of 1st period - Robert Hagg is hit by Trevor Zegras and loses puck.
16:07 of 1st period - Shot by Mason Marchment.
16:07 of 1st period - Stopped by Anton Forsberg without a rebound.
16:08 of 1st period - Michael McCarron wins face-off versus Chris Tierney in PHILADELPHIA Flyers zone.
17:02 of 1st period - Icing by Chris Tierney.
17:03 of 1st period - Scott Laughton wins face-off versus Chris Tierney in PHILADELPHIA Flyers zone.
17:03 of 1st period - Scott Laughton is hit by Noah Juulsen.
17:25 of 1st period - Shot by Mason Marchment.
17:25 of 1st period - Shot Misses the Net.
17:27 of 1st period - Shot by Scott Laughton.
17:27 of 1st period - Shot Blocked by Noah Juulsen.
17:31 of 1st period - Shot by Scott Laughton.
17:31 of 1st period - Shot Misses the Net.
17:45 of 1st period - Shot by Scott Laughton.
17:45 of 1st period - Shot Blocked by Joel Edmundson.
17:58 of 1st period - Minor Penalty to Josh Leivo for Cross-checking.
17:59 of 1st period - Mikael Backlund wins face-off versus Leon Draisaitl in PHILADELPHIA Flyers zone.
17:59 of 1st period - Erik Gudbranson is hit by Shea Weber and loses puck.
18:16 of 1st period - Shot by Mikael Backlund.
18:16 of 1st period - Stopped by Anton Forsberg without a rebound.
18:17 of 1st period - Mikael Backlund wins face-off versus Leon Draisaitl in PHILADELPHIA Flyers zone.
18:18 of 1st period - Shot by Dylan DeMelo.
18:18 of 1st period - Stopped by Anton Forsberg without a rebound.
18:19 of 1st period - Leon Draisaitl wins face-off versus Mikael Backlund in PHILADELPHIA Flyers zone.
18:24 of 1st period - Anders Lee is hit by Leon Draisaitl and loses puck.
18:35 of 1st period - Shot by Eeli Tolvanen.
18:35 of 1st period - Stopped by Anton Forsberg without a rebound.
18:36 of 1st period - Leon Draisaitl wins face-off versus Tyson Jost in PHILADELPHIA Flyers zone.
19:31 of 1st period - Off-side.
19:32 of 1st period - Leon Draisaitl wins face-off versus Mikael Backlund in neutral zone.
19:47 of 1st period - Shot by Anders Lee.
19:47 of 1st period - Deflect By Mikael Backlund.
19:47 of 1st period - Shot Blocked by Brenden Dillon.
Goals for this period are 0 for PHILADELPHIA Flyers vs 1 for TAMPA BAY Lightning.
Shots for this period are 8 for PHILADELPHIA Flyers vs 7 for TAMPA BAY Lightning.

2nd period


0:01 of 2nd period - Mikael Backlund wins face-off versus Trevor Zegras in neutral zone.
0:17 of 2nd period - Claude Giroux is hit by Anders Lee and loses puck.
0:27 of 2nd period - Mikael Backlund is hit by Leon Draisaitl and loses puck.
0:38 of 2nd period - Shot by Claude Giroux.
0:38 of 2nd period - Stopped by Robin Lehner with a rebound.
0:40 of 2nd period - Shot by Shea Weber.
0:40 of 2nd period - Stopped by Robin Lehner without a rebound.
0:41 of 2nd period - Sean Couturier wins face-off versus Scott Laughton in TAMPA BAY Lightning zone.
0:45 of 2nd period - Filip Chytil is hit by Erik Gudbranson and loses puck.
0:58 of 2nd period - Shot by Scott Laughton.
0:58 of 2nd period - Stopped by Anton Forsberg without a rebound.
0:59 of 2nd period - Jonathan Drouin wins face-off versus Sammy Blais in PHILADELPHIA Flyers zone.
1:30 of 2nd period - Mike Hoffman is hit by Nick Ritchie and loses puck.
1:43 of 2nd period - Tyson Jost is hit by Jonathan Drouin and loses puck.
2:07 of 2nd period - Timothy Liljegren is hit by Brenden Dillon and loses puck.
2:15 of 2nd period - Icing by Shea Weber.
2:16 of 2nd period - Trevor Zegras wins face-off versus Scott Laughton in PHILADELPHIA Flyers zone.
2:16 of 2nd period - Claude Giroux is hit by Scott Laughton and loses puck.
2:29 of 2nd period - Shot by Brenden Dillon.
2:29 of 2nd period - Shot Misses the Net.
2:37 of 2nd period - Shot by Leon Draisaitl.
2:37 of 2nd period - Shot Blocked by Erik Gudbranson.
2:52 of 2nd period - Minor Penalty to Scott Laughton for Interference.
2:53 of 2nd period - Mikael Backlund wins face-off versus Trevor Zegras in TAMPA BAY Lightning zone.
2:53 of 2nd period - Mikael Backlund is hit by Mike Hoffman.
4:09 of 2nd period - Shot by Sam Gagner.
4:09 of 2nd period - Stopped by Robin Lehner without a rebound.
4:10 of 2nd period - Trevor Zegras wins face-off versus Mikael Backlund in TAMPA BAY Lightning zone.
4:31 of 2nd period - Shot by Shea Weber.
4:31 of 2nd period - Deflect By Trevor Zegras.
4:31 of 2nd period - Stopped by Robin Lehner without a rebound.
4:32 of 2nd period - Filip Chytil wins face-off versus Christian Fischer in TAMPA BAY Lightning zone.
4:33 of 2nd period - Shot by Justin Schultz.
4:33 of 2nd period - Shot Blocked by Dylan DeMelo.
4:35 of 2nd period - Shot by Filip Chytil.
4:35 of 2nd period - Shot Blocked by Dylan DeMelo.
4:37 of 2nd period - Shot by Claude Giroux.
4:37 of 2nd period - Shot Misses the Net.
4:39 of 2nd period - Shot by Leon Draisaitl.
4:39 of 2nd period - Stopped by Robin Lehner with a rebound.
4:41 of 2nd period - Shot by Justin Schultz.
4:41 of 2nd period - Stopped by Robin Lehner with a rebound.
4:43 of 2nd period - Shot by Justin Schultz.
4:43 of 2nd period - Shot Misses the Net.
4:45 of 2nd period - Shot by Brenden Dillon.
4:45 of 2nd period - Deflect By Claude Giroux.
4:45 of 2nd period - Stopped by Robin Lehner without a rebound.
4:46 of 2nd period - Filip Chytil wins face-off versus Mikael Backlund in TAMPA BAY Lightning zone.
4:51 of 2nd period - Shot by Leon Draisaitl.
4:51 of 2nd period - Stopped by Robin Lehner without a rebound.
4:52 of 2nd period - Jonathan Drouin wins face-off versus Scott Laughton in TAMPA BAY Lightning zone.
5:09 of 2nd period - Shot by Sam Gagner.
5:09 of 2nd period - Shot Blocked by Dylan DeMelo.
5:29 of 2nd period - Shot by Dylan DeMelo.
5:29 of 2nd period - Shot Misses the Net.
5:31 of 2nd period - Shot by Scott Laughton.
5:31 of 2nd period - Shot Misses the Net.
5:33 of 2nd period - Shot by Timothy Liljegren.
5:33 of 2nd period - Stopped by Anton Forsberg without a rebound.
5:34 of 2nd period - Mikael Backlund wins face-off versus Trevor Zegras in PHILADELPHIA Flyers zone.
5:34 of 2nd period - Mikael Backlund is hit by Justin Schultz.
5:38 of 2nd period - Shot by Mikael Backlund.
5:38 of 2nd period - Goal by Mikael Backlund - PHILADELPHIA Flyers : 0 - TAMPA BAY Lightning : 2.
5:39 of 2nd period - Trevor Zegras wins face-off versus Mikael Backlund in neutral zone.
5:42 of 2nd period - Erik Gudbranson is hit by Trevor Zegras and loses puck.
6:10 of 2nd period - Leon Draisaitl is hit by Chad Ruhwedel and loses puck.
6:15 of 2nd period - Shot by Leon Draisaitl.
6:15 of 2nd period - Shot Misses the Net.
6:17 of 2nd period - Shot by Leon Draisaitl.
6:17 of 2nd period - Shot Misses the Net.
6:19 of 2nd period - Shot by Shea Weber.
6:19 of 2nd period - Shot Misses the Net.
6:21 of 2nd period - Shot by Leon Draisaitl.
6:21 of 2nd period - Shot Misses the Net.
6:23 of 2nd period - Shot by Claude Giroux.
6:23 of 2nd period - Shot Misses the Net.
6:34 of 2nd period - Chad Ruhwedel is hit by Alexander Edler and loses puck.
6:49 of 2nd period - Shot by Sean Couturier.
6:49 of 2nd period - Stopped by Robin Lehner without a rebound.
6:50 of 2nd period - Scott Laughton wins face-off versus Jonathan Drouin in TAMPA BAY Lightning zone.
6:50 of 2nd period - Scott Laughton is hit by Mike Hoffman.
7:00 of 2nd period - Minor Penalty to Scott Laughton for Slashing.
7:01 of 2nd period - Trevor Zegras wins face-off versus Christian Fischer in TAMPA BAY Lightning zone.
7:28 of 2nd period - Shot by Alexander Edler.
7:28 of 2nd period - Shot Misses the Net.
7:30 of 2nd period - Shot by Alexander Edler.
7:30 of 2nd period - Shot Misses the Net.
7:32 of 2nd period - Shot by Shea Weber.
7:32 of 2nd period - Stopped by Robin Lehner without a rebound.
7:33 of 2nd period - Mikael Backlund wins face-off versus Filip Chytil in TAMPA BAY Lightning zone.
7:39 of 2nd period - Icing by Claude Giroux.
7:40 of 2nd period - Leon Draisaitl wins face-off versus Mikael Backlund in PHILADELPHIA Flyers zone.
8:33 of 2nd period - Icing by Brenden Dillon.
8:34 of 2nd period - Filip Chytil wins face-off versus Mikael Backlund in PHILADELPHIA Flyers zone.
9:15 of 2nd period - Shot by Mason Marchment.
9:15 of 2nd period - Stopped by Anton Forsberg with a rebound.
9:30 of 2nd period - Icing by Alexander Edler.
9:31 of 2nd period - Tyson Jost wins face-off versus Jonathan Drouin in PHILADELPHIA Flyers zone.
9:43 of 2nd period - Off-side.
9:44 of 2nd period - Chris Tierney wins face-off versus Mikael Backlund in neutral zone.
9:47 of 2nd period - Dylan DeMelo is hit by Josh Leivo and loses puck.
10:06 of 2nd period - Mikael Backlund is hit by Chris Tierney and loses puck.
10:25 of 2nd period - Shot by Eeli Tolvanen.
10:25 of 2nd period - Shot Blocked by Noah Juulsen.
10:34 of 2nd period - Icing by Chris Tierney.
10:35 of 2nd period - Chris Tierney wins face-off versus Scott Laughton in PHILADELPHIA Flyers zone.
10:47 of 2nd period - Off-side.
10:48 of 2nd period - Tyson Jost wins face-off versus Trevor Zegras in neutral zone.
11:05 of 2nd period - Claude Giroux is hit by Robert Hagg and loses puck.
11:43 of 2nd period - Robert Hagg is hit by Alexander Edler and loses puck.
11:54 of 2nd period - Shot by Sean Couturier.
11:54 of 2nd period - Shot Misses the Net.
11:56 of 2nd period - Shot by Alexander Edler.
11:56 of 2nd period - Shot Blocked by Robert Hagg.
11:58 of 2nd period - Shot by Sean Monahan.
11:58 of 2nd period - Stopped by Robin Lehner without a rebound.
11:59 of 2nd period - Jonathan Drouin wins face-off versus Mikael Backlund in TAMPA BAY Lightning zone.
12:20 of 2nd period - Off-side.
12:21 of 2nd period - Sean Couturier wins face-off versus Scott Laughton in neutral zone.
13:33 of 2nd period - Icing by Filip Chytil.
13:34 of 2nd period - Michael McCarron wins face-off versus Sean Couturier in PHILADELPHIA Flyers zone.
13:42 of 2nd period - Minor Penalty to Filip Chytil for High sticking.
13:43 of 2nd period - Mikael Backlund wins face-off versus Leon Draisaitl in PHILADELPHIA Flyers zone.
14:13 of 2nd period - Shot by Eeli Tolvanen.
14:13 of 2nd period - Shot Misses the Net.
14:32 of 2nd period - Josh Mahura is hit by Joel Edmundson and loses puck.
14:54 of 2nd period - Shot by Dylan DeMelo.
14:54 of 2nd period - Shot Misses the Net.
14:56 of 2nd period - Shot by Scott Laughton.
14:56 of 2nd period - Stopped by Anton Forsberg with a rebound.
14:58 of 2nd period - Shot by Scott Laughton.
14:58 of 2nd period - Stopped by Anton Forsberg without a rebound.
14:59 of 2nd period - Tyson Jost wins face-off versus Sean Couturier in PHILADELPHIA Flyers zone.
15:02 of 2nd period - Shot by Scott Laughton.
15:02 of 2nd period - Stopped by Anton Forsberg without a rebound.
15:03 of 2nd period - Tyson Jost wins face-off versus Sean Couturier in PHILADELPHIA Flyers zone.
15:57 of 2nd period - Justin Schultz is hit by Robert Hagg and loses puck.
16:19 of 2nd period - Shot by Michael McCarron.
16:19 of 2nd period - Shot Misses the Net.
16:38 of 2nd period - Icing by Timothy Liljegren.
16:39 of 2nd period - Anders Lee wins face-off versus Sean Couturier in TAMPA BAY Lightning zone.
16:41 of 2nd period - Icing by Dylan DeMelo.
16:42 of 2nd period - Mikael Backlund wins face-off versus Sean Couturier in TAMPA BAY Lightning zone.
17:17 of 2nd period - Shot by Filip Chytil.
17:17 of 2nd period - Shot Misses the Net.
17:19 of 2nd period - Shot by Sean Monahan.
17:19 of 2nd period - Shot Misses the Net.
17:35 of 2nd period - Shot by Trevor Zegras.
17:35 of 2nd period - Shot Misses the Net.
18:31 of 2nd period - Shot by Josh Leivo.
18:31 of 2nd period - Shot Blocked by Timothy Liljegren.
18:33 of 2nd period - Shot by Justin Schultz.
18:33 of 2nd period - Shot Misses the Net.
18:35 of 2nd period - Shot by Chris Tierney.
18:35 of 2nd period - Shot Misses the Net.
19:18 of 2nd period - Minor Penalty to Mason Marchment for Interference.
19:19 of 2nd period - Filip Chytil wins face-off versus Scott Laughton in TAMPA BAY Lightning zone.
19:20 of 2nd period - Shot by Leon Draisaitl.
19:20 of 2nd period - Stopped by Robin Lehner without a rebound.
19:21 of 2nd period - Filip Chytil wins face-off versus Scott Laughton in TAMPA BAY Lightning zone.
19:21 of 2nd period - Alexander Edler is hit by Josh Mahura and loses puck.
19:34 of 2nd period - Shot by Shea Weber.
19:34 of 2nd period - Stopped by Robin Lehner without a rebound.
19:35 of 2nd period - Trevor Zegras wins face-off versus Scott Laughton in TAMPA BAY Lightning zone.
Goals for this period are 0 for PHILADELPHIA Flyers vs 1 for TAMPA BAY Lightning.
Shots for this period are 13 for PHILADELPHIA Flyers vs 7 for TAMPA BAY Lightning.

3rd period


0:01 of 3rd period - Mikael Backlund wins face-off versus Filip Chytil in neutral zone.
0:05 of 3rd period - Anders Lee is hit by Filip Chytil and loses puck.
0:18 of 3rd period - Shot by Leon Draisaitl.
0:18 of 3rd period - Shot Blocked by Anders Lee.
0:20 of 3rd period - Shot by Shea Weber.
0:20 of 3rd period - Shot Blocked by Dylan DeMelo.
0:22 of 3rd period - Shot by Alexander Edler.
0:22 of 3rd period - Goal by Alexander Edler - PHILADELPHIA Flyers : 1 - TAMPA BAY Lightning : 2.
0:23 of 3rd period - Evgeny Svechnikov wins face-off versus Mike Hoffman in neutral zone.
1:38 of 3rd period - Shot by Trevor Zegras.
1:38 of 3rd period - Stopped by Robin Lehner with a rebound.
1:40 of 3rd period - Shot by Claude Giroux.
1:40 of 3rd period - Deflect By Leon Draisaitl.
1:40 of 3rd period - Stopped by Robin Lehner without a rebound.
1:41 of 3rd period - Sean Couturier wins face-off versus Mikael Backlund in TAMPA BAY Lightning zone.
1:58 of 3rd period - Shot by Sean Couturier.
1:58 of 3rd period - Shot Blocked by Dylan DeMelo.
2:07 of 3rd period - Eeli Tolvanen is hit by Alexander Edler and loses puck.
2:59 of 3rd period - Shot by Claude Giroux.
2:59 of 3rd period - Stopped by Robin Lehner without a rebound.
3:00 of 3rd period - Michael McCarron wins face-off versus Chris Tierney in TAMPA BAY Lightning zone.
3:31 of 3rd period - Shot by Christian Fischer.
3:31 of 3rd period - Shot Misses the Net.
3:33 of 3rd period - Shot by Michael McCarron.
3:33 of 3rd period - Shot Misses the Net.
3:35 of 3rd period - Shot by Erik Gudbranson.
3:35 of 3rd period - Shot Misses the Net.
3:56 of 3rd period - Minor Penalty to Nick Ritchie for Tripping.
3:57 of 3rd period - Mikael Backlund wins face-off versus Filip Chytil in TAMPA BAY Lightning zone.
4:06 of 3rd period - Shot by Filip Chytil.
4:06 of 3rd period - Stopped by Robin Lehner with a rebound.
4:08 of 3rd period - Shot by Shea Weber.
4:08 of 3rd period - Shot Misses the Net.
4:10 of 3rd period - Shot by Shea Weber.
4:10 of 3rd period - Shot Misses the Net.
4:32 of 3rd period - Shot by Claude Giroux.
4:32 of 3rd period - Stopped by Robin Lehner without a rebound.
4:33 of 3rd period - Mikael Backlund wins face-off versus Trevor Zegras in TAMPA BAY Lightning zone.
4:46 of 3rd period - Shot by Brenden Dillon.
4:46 of 3rd period - Stopped by Robin Lehner without a rebound.
4:47 of 3rd period - Trevor Zegras wins face-off versus Mikael Backlund in TAMPA BAY Lightning zone.
4:48 of 3rd period - Shot by Sean Couturier.
4:48 of 3rd period - Stopped by Robin Lehner with a rebound.
5:04 of 3rd period - Shot by Mike Hoffman.
5:04 of 3rd period - Shot Misses the Net.
5:12 of 3rd period - Shot by Trevor Zegras.
5:12 of 3rd period - Stopped by Robin Lehner without a rebound.
5:13 of 3rd period - Scott Laughton wins face-off versus Filip Chytil in TAMPA BAY Lightning zone.
5:34 of 3rd period - Shot by Shea Weber.
5:34 of 3rd period - Shot Misses the Net.
5:36 of 3rd period - Shot by Claude Giroux.
5:36 of 3rd period - Stopped by Robin Lehner without a rebound.
5:37 of 3rd period - Mikael Backlund wins face-off versus Trevor Zegras in TAMPA BAY Lightning zone.
5:56 of 3rd period - Shot by Trevor Zegras.
5:56 of 3rd period - Stopped by Robin Lehner without a rebound.
5:57 of 3rd period - Trevor Zegras wins face-off versus Scott Laughton in TAMPA BAY Lightning zone.
6:19 of 3rd period - Minor Penalty to Alexander Edler for Hooking.
6:20 of 3rd period - Leon Draisaitl wins face-off versus Eeli Tolvanen in PHILADELPHIA Flyers zone.
7:23 of 3rd period - Shot by Timothy Liljegren.
7:23 of 3rd period - Stopped by Anton Forsberg without a rebound.
7:24 of 3rd period - Sean Couturier wins face-off versus Tyson Jost in PHILADELPHIA Flyers zone.
7:32 of 3rd period - Icing by Josh Mahura.
7:33 of 3rd period - Claude Giroux wins face-off versus Tyson Jost in TAMPA BAY Lightning zone.
7:38 of 3rd period - Shot by Leon Draisaitl.
7:38 of 3rd period - Stopped by Robin Lehner with a rebound.
8:12 of 3rd period - Shea Weber is hit by Scott Laughton and loses puck.
8:40 of 3rd period - Mike Hoffman is hit by Chad Ruhwedel and loses puck.
9:18 of 3rd period - Erik Gudbranson is hit by Sean Monahan and loses puck.
10:13 of 3rd period - Shot by Leon Draisaitl.
10:13 of 3rd period - Goal by Leon Draisaitl - PHILADELPHIA Flyers : 2 - TAMPA BAY Lightning : 2.
10:14 of 3rd period - Trevor Zegras wins face-off versus Scott Laughton in neutral zone.
10:25 of 3rd period - Shot by Trevor Zegras.
10:25 of 3rd period - Shot Misses the Net.
10:27 of 3rd period - Shot by Claude Giroux.
10:27 of 3rd period - Stopped by Robin Lehner with a rebound.
10:33 of 3rd period - Shot by Leon Draisaitl.
10:33 of 3rd period - Shot Blocked by Robert Hagg.
10:35 of 3rd period - Shot by Leon Draisaitl.
10:35 of 3rd period - Goal by Leon Draisaitl - PHILADELPHIA Flyers : 3 - TAMPA BAY Lightning : 2.
10:36 of 3rd period - Jonathan Drouin wins face-off versus Mikael Backlund in neutral zone.
10:44 of 3rd period - Off-side.
10:45 of 3rd period - Trevor Zegras wins face-off versus Mikael Backlund in neutral zone.
10:52 of 3rd period - Shot by Leon Draisaitl.
10:52 of 3rd period - Stopped by Robin Lehner without a rebound.
10:53 of 3rd period - Eeli Tolvanen wins face-off versus Trevor Zegras in TAMPA BAY Lightning zone.
10:53 of 3rd period - Eeli Tolvanen is hit by Trevor Zegras.
11:20 of 3rd period - Icing by Trevor Zegras.
11:21 of 3rd period - Trevor Zegras wins face-off versus Scott Laughton in PHILADELPHIA Flyers zone.
11:21 of 3rd period - Leon Draisaitl is hit by Mason Marchment and loses puck.
11:30 of 3rd period - Icing by Erik Gudbranson.
11:31 of 3rd period - Sean Couturier wins face-off versus Scott Laughton in TAMPA BAY Lightning zone.
11:33 of 3rd period - Sean Monahan is hit by Chad Ruhwedel and loses puck.
11:44 of 3rd period - Shot by Sean Couturier.
11:44 of 3rd period - Deflect By Sean Monahan.
11:44 of 3rd period - Shot Blocked by Erik Gudbranson.
11:46 of 3rd period - Shot by Filip Chytil.
11:46 of 3rd period - Shot Misses the Net.
11:53 of 3rd period - Filip Chytil is hit by Erik Gudbranson and loses puck.
12:25 of 3rd period - Brenden Dillon is hit by Scott Laughton and loses puck.
12:32 of 3rd period - Shot by Leon Draisaitl.
12:32 of 3rd period - Stopped by Robin Lehner without a rebound.
12:33 of 3rd period - Mikael Backlund wins face-off versus Jonathan Drouin in TAMPA BAY Lightning zone.
12:33 of 3rd period - Mikael Backlund is hit by Jonathan Drouin.
12:46 of 3rd period - Shot by Jonathan Drouin.
12:46 of 3rd period - Shot Misses the Net.
13:02 of 3rd period - Jonathan Drouin is hit by Timothy Liljegren and loses puck.
13:24 of 3rd period - Icing by Noah Juulsen.
13:25 of 3rd period - Jonathan Drouin wins face-off versus Tyson Jost in PHILADELPHIA Flyers zone.
13:32 of 3rd period - Icing by Josh Mahura.
13:33 of 3rd period - Trevor Zegras wins face-off versus Tyson Jost in TAMPA BAY Lightning zone.
14:12 of 3rd period - Shot by Tyson Jost.
14:12 of 3rd period - Stopped by Anton Forsberg without a rebound.
14:13 of 3rd period - Sean Couturier wins face-off versus Mikael Backlund in PHILADELPHIA Flyers zone.
14:13 of 3rd period - Sean Couturier is hit by Anders Lee.
15:25 of 3rd period - Shot by Leon Draisaitl.
15:25 of 3rd period - Stopped by Robin Lehner with a rebound.
15:32 of 3rd period - Leon Draisaitl is hit by Erik Gudbranson and loses puck.
15:39 of 3rd period - Shot by Leon Draisaitl.
15:39 of 3rd period - Shot Misses the Net.
15:41 of 3rd period - Shot by Shea Weber.
15:41 of 3rd period - Shot Misses the Net.
16:38 of 3rd period - Josh Leivo is hit by Robert Hagg and loses puck.
16:43 of 3rd period - Shot by Chris Tierney.
16:43 of 3rd period - Stopped by Robin Lehner with a rebound.
16:45 of 3rd period - Shot by Chris Tierney.
16:45 of 3rd period - Goal by Chris Tierney - PHILADELPHIA Flyers : 4 - TAMPA BAY Lightning : 2.
16:46 of 3rd period - Mikael Backlund wins face-off versus Jonathan Drouin in neutral zone.
17:02 of 3rd period - Dylan DeMelo is hit by Mike Hoffman and loses puck.
17:17 of 3rd period - Shot by Jonathan Drouin.
17:17 of 3rd period - Stopped by Robin Lehner without a rebound.
17:18 of 3rd period - Scott Laughton wins face-off versus Sean Couturier in TAMPA BAY Lightning zone.
17:53 of 3rd period - Shot by Evgeny Svechnikov.
17:53 of 3rd period - Shot Misses the Net.
18:00 of 3rd period - Shea Weber is hit by Scott Laughton and loses puck.
18:24 of 3rd period - Off-side.
18:25 of 3rd period - Tyson Jost wins face-off versus Trevor Zegras in neutral zone.
18:28 of 3rd period - Claude Giroux is hit by Sammy Blais and loses puck.
18:37 of 3rd period - Shot by Claude Giroux.
18:37 of 3rd period - Stopped by Robin Lehner without a rebound.
18:38 of 3rd period - Mikael Backlund wins face-off versus Trevor Zegras in TAMPA BAY Lightning zone.
18:45 of 3rd period - Shot by Eeli Tolvanen.
18:45 of 3rd period - Stopped by Anton Forsberg without a rebound.
18:46 of 3rd period - Eeli Tolvanen wins face-off versus Trevor Zegras in PHILADELPHIA Flyers zone.
19:13 of 3rd period - Shot by Claude Giroux.
19:13 of 3rd period - Stopped by Robin Lehner without a rebound.
19:14 of 3rd period - Filip Chytil wins face-off versus Nick Ritchie in TAMPA BAY Lightning zone.
19:14 of 3rd period - Shea Weber is hit by Erik Gudbranson and loses puck.
19:27 of 3rd period - Shot by Filip Chytil.
19:27 of 3rd period - Stopped by Robin Lehner without a rebound.
19:27 of 3rd period - Minor Penalty to Chad Ruhwedel for Tripping.
19:28 of 3rd period - Filip Chytil wins face-off versus Mikael Backlund in TAMPA BAY Lightning zone.
19:28 of 3rd period - Leon Draisaitl is hit by Dylan DeMelo.
19:50 of 3rd period - Shot by Filip Chytil.
19:50 of 3rd period - Stopped by Robin Lehner without a rebound.
19:51 of 3rd period - Trevor Zegras wins face-off versus Mikael Backlund in TAMPA BAY Lightning zone.
Goals for this period are 4 for PHILADELPHIA Flyers vs 0 for TAMPA BAY Lightning.
Shots for this period are 25 for PHILADELPHIA Flyers vs 3 for TAMPA BAY Lightning. Output by the SimonT Hockey Simulator (STHS) for Martin Benoit - Original Page W3C HTML5 Valid
Hockey Simulator - Hockey Simulation - Hockey Manager